 Dungeon Sprint DCSS version 0.20.1 (webtiles) character file.

436 panicbit the Protected (level 6, -1/63 HPs)
             Began as a Minotaur Fighter on July 2, 2017.
             Was an Initiate of Okawaru.
             Succumbed to Sonja's poison
             ... in the Dungeon (Sprint I: "Red Sonja").
             The game lasted 00:01:35 (666 turns).

panicbit the Protected (Minotaur Fighter)            Turns: 666, Time: 00:01:36

Health: -1/63      AC:  8    Str: 20    XL:     6   Next: 68%
Magic:  5/5        EV:  8    Int:  5    God:    Okawaru [......]
Gold:   309        SH: 11    Dex: 12    Spells: 5/5 levels left

rFire    . . .     SeeInvis .   a - +0 war axe
rCold    . . .     Gourm    .   c - +0 shield
rNeg     . . .     Faith    .   b - +0 scale mail
rPois    .         Spirit   .   (helmet restricted)
rElec    .         Reflect  .   (no cloak)
rCorr    .         Harm     .   (no gloves)
MR       .....     NoTele   +   (no boots)
Stlth    ..........             (no amulet)
Regen    0.2/turn               (no ring)
MPRegen  0.1/turn               (no ring)

@: lethally poisoned (-1 -> -99), slowed, very slow
A: retaliatory headbutt, horns 2
a: Renounce Religion


You were in the Dungeon.
You worshipped Okawaru.
Okawaru was noncommittal.
You were not hungry.

You visited 1 branch You collected 309 gold pieces.

Inventory:

Hand Weapons
 a - a +0 war axe (weapon)
Armour
 b - a +0 scale mail (worn)
 c - a +0 shield (worn)
Scrolls
 k - a scroll of blinking
Potions
 d - a potion of might
 e - a potion of curing
 g - a potion of heal wounds
 h - a potion of haste
 i - 2 potions of magic
 j - a potion of berserk rage
Comestibles
 f - a bread ration
 l - a chunk of flesh


   Skills:
 + Level 9.3 Fighting
 + Level 8.2 Axes
 + Level 10.2 Armour
 + Level 9.2 Shields


You had 5 spell levels left.
You didn't know any spells.

Dungeon Overview and Level Annotations

Branches:
Dungeon (1/1)

Altars:
Cheibriados
Dithmenos
Elyvilon
Fedhas
Gozag
Hepliaklqana
Kikubaaqudgha
Nemelex Xobeh
Okawaru
Qazlal
Ru
Sif Muna
Trog
Uskayaw
Vehumet
Yredelemnul
Zin
The Shining One

Shops:
D }

Annotations:
D Sonja


Innate Abilities, Weirdness & Mutations

You reflexively headbutt those who attack you in melee.
You have a pair of horns on your head.


Message History

Sonja hits you but does no damage.
You are more poisoned.
Sonja hits you but does no damage. You block Sonja's attack. x2
You barely miss Sonja. Your headbutt misses Sonja.
Sonja is heavily wounded.
* * * LOW HITPOINT WARNING * * *
You feel extremely sick.
Sonja hits you with an uncursed short sword of venom.
* * * LOW HITPOINT WARNING * * *
You are more poisoned.
Sonja barely misses you. Sonja closely misses you. You block Sonja's attack.
Sonja hits you but does no damage.
You are more poisoned.
You block Sonja's attack. Sonja hits you but does no damage.
You are more poisoned.
You block Sonja's attack. Sonja hits you but does no damage.
You are more poisoned.
You miss Sonja. Your headbutt misses Sonja.
Sonja is heavily wounded.
You die...

#..'[.#..').#..+
#..#####'#####'#
#..####..#...#(#
#..#__####..##.#
#..#_____##'#..+
#⌠⌠#_.∩...÷..._#
####_..__##_(#+#
#_____###(#
####### #@#


+$K$+ #$.$# ##.## #+# You could see Sonja.

Vanquished Creatures
  Sigmund (D)
  A yak (D)
  An ogre (D)
  A jelly (D)
  Ijyb (D)
5 creatures vanquished.

Notes
Turn   | Place    | Note
-------+----------+-------------------------------------------
     0 | D        | panicbit the Minotaur Fighter began the quest for the Orb.
     0 | D        | Reached XP level 1. HP: 19/19 MP: 0/0
     1 | D        | Noticed Ijyb
    10 | D        | Killed Ijyb
    10 | D        | Reached skill level 5 in Fighting
    10 | D        | Reached skill level 5 in Armour
    10 | D        | Reached skill level 5 in Shields
    10 | D        | Reached XP level 2. HP: 24/29 MP: 1/1
    65 | D        | Noticed an ogre
    68 | D        | Killed an ogre
    68 | D        | Reached skill level 7 in Armour
    68 | D        | Reached XP level 3. HP: 38/38 MP: 2/2
    68 | D        | Reached XP level 4. HP: 45/45 MP: 3/3
    79 | D        | Noticed Sigmund
    96 | D        | Killed Sigmund
    96 | D        | Reached skill level 9 in Armour
    96 | D        | Reached XP level 5. HP: 7/56 MP: 4/4
   374 | D        | Found a deep blue altar of Sif Muna.
   376 | D        | Found a radiant altar of Vehumet.
   384 | D        | Reached XP level 6. HP: 37/62 MP: 5/5
   512 | D        | Found Juavuq's Gadget Emporium.
   512 | D        | Found an ancient bone altar of Kikubaaqudgha.
   512 | D        | Found a hazy altar of Hepliaklqana.
   512 | D        | Found a stormy altar of Qazlal.
   512 | D        | Found a hide-covered altar of Uskayaw.
   512 | D        | Found a blossoming altar of Fedhas.
   512 | D        | Found a bloodstained altar of Trog.
   512 | D        | Found an iron altar of Okawaru.
   512 | D        | Found a basalt altar of Yredelemnul.
   512 | D        | Found a glowing golden altar of the Shining One.
   512 | D        | Found a snail-covered altar of Cheibriados.
   512 | D        | Found a sacrificial altar of Ru.
   512 | D        | Found a glowing silver altar of Zin.
   512 | D        | Found a shadowy altar of Dithmenos.
   512 | D        | Found a white marble altar of Elyvilon.
   512 | D        | Noticed a yak
   520 | D        | Killed a yak
   520 | D        | Reached skill level 10 in Armour
   521 | D        | Found an opulent altar of Gozag.
   524 | D        | Found a sparkling altar of Nemelex Xobeh.
   638 | D        | Became a worshipper of Warmaster Okawaru
   660 | D        | Noticed Sonja
   666 | D        | Succumbed to Sonja's poison

Skill      XL: |  1  2  3  4  5  6 |
---------------+-------------------+-----
Fighting       | 5 6 8 9 |  9.3
Axes           | 3 4 6 7 8 |  8.2
Armour         | 5 7 9 10 | 10.2
Shields        | 5 6 8 9 |  9.2

Action                   |  1- 3 |  4- 6 || total
-------------------------+-------+-------++-------
Melee: War axe           |    10 |    29 ||    39
       Headbutt          |     3 |     7 ||    10
Armor: Scale mail        |     2 |    10 ||    12
Dodge: Dodged            |     3 |     7 ||    10
Block: Shield            |     6 |    18 ||    24
